 Dungeon Crawl Stone Soup version 0.31.0-1-g2c135a0 (webtiles) character file.

Game seed: 15150314116704108275

703 jagoly the Chopper (level 7, -2/44 HPs)
             Began as a Gargoyle Monk on Feb 1, 2024.
             Was a Believer of the Shining One.
             Slain by an ogre
             ... wielding a +0 giant club
              (30 damage)
             ... on level 6 of the Dungeon.
             The game lasted 00:09:16 (1616 turns).

jagoly the Chopper (Gargoyle Monk)                  Turns: 1616, Time: 00:09:16

Health: -2/44      AC: 13    Str: 17    XL:     7   Next: 66%
Magic:  7/7        EV: 10    Int: 10    God:    the Shining One [**....]
Gold:   121        SH:  0    Dex: 12    Spells: 6/6 levels left

rFire   . . .        a - +0 war axe
rCold   + . .        d - orb {light}
rNeg    + + .        i - +0 scale mail
rPois   ∞            (no helmet)
rElec   +            (no cloak)
rCorr   .            (no gloves)
SInv    .            m - +0 pair of boots
Will    .....        (no amulet) Stlth
                     q - ring of protection from cold
HPRegen 0.27/turn    (no ring)
MPRegen 0.10/turn

%: no passive effects
@: glowing
A: sickness immunity, AC +4, negative energy resistance 1, electricity
resistance, torment resistance 1, petrification resistance
a: Renounce Religion, Divine Shield


You were on level 6 of the Dungeon.
You worshipped the Shining One.
The Shining One was pleased with you.
You visited 1 branch of the dungeon, and saw 6 of its levels.

You collected 121 gold pieces.

Inventory:

Hand Weapons
 a - a +0 war axe (weapon)
Missiles
 g - 42 stones (quivered)
 o - 13 poisoned darts
Armour
 b - a +0 robe
 d - an orb of light (worn)
 f - a +0 ring mail
 i - a +0 scale mail (worn)
 m - a +0 pair of boots (worn)
Jewellery
 q - a ring of protection from cold (left hand)
Scrolls
 e - 2 scrolls of fog {unknown}
 h - 3 scrolls of teleportation {unknown}
 j - a scroll of fear {unknown}
 k - 3 scrolls of identify {unknown}
 l - a scroll of acquirement {unknown}
 p - a scroll of noise {unknown}
 s - a scroll of poison {unknown}
 t - a scroll of vulnerability {unknown}
Potions
 c - a potion of ambrosia
 n - a potion of berserk rage {unknown}
 r - 2 potions of lignification {unknown}
 v - 2 potions of curing {unknown}


   Skills:
 + Level 5.4 Fighting
 * Level 5.7 Axes
 + Level 4.0 Armour
 - Level 3.0 Dodging


You had 6 spell levels left.
You didn't know any spells.
Your spell library contained the following spells:

 Spells                   Type           Power      Damage    Failure   Level
 Blink                    Tloc           0%         N/A       88%         2
 Lesser Beckoning         Tloc           0%         N/A       88%         2
 Momentum Strike          Conj/Tloc      0%         3d8       88%         2


Dungeon Overview and Level Annotations

Branches:
Dungeon (6/15) Zot: 26981
 Temple: D:4-7

Altars:
Cheibriados
Hepliaklqana
Uskayaw
Yredelemnul
The Shining One

Shops:
D:4 :   D:6 (


Innate Abilities, Weirdness & Mutations

You are immune to sickness and miasma.
Your stone body is resilient. (AC +4)
You are immune to poison.
You resist negative energy. (rN+)
You are resistant to electric shocks. (rElec)
You are resistant to unholy torment.
You are immune to petrification.


Message History

The ice beast is lightly wounded.
The ice beast closely misses you.
You hit the ice beast.
The ice beast is moderately wounded.
The ice beast hits you but does no damage.
You hit the ice beast.
The ice beast is moderately wounded.
The ice beast barely misses you.
You slash the ice beast!
The ice beast is heavily wounded.
The ice beast hits you but does no damage.
You hit the ice beast but do no damage.
The ice beast is heavily wounded.
The ice beast hits you but does no damage.
You barely miss the ice beast.
The ice beast is heavily wounded.
The ice beast closely misses you.
You hit the ice beast.
The ice beast is heavily wounded.
The ice beast misses you.
You hit the ice beast.
The ice beast is severely wounded.
The ice beast closely misses you.
You hit the ice beast.
The ice beast is severely wounded.
The ice beast closely misses you.
You hit the ice beast but do no damage.
The ice beast is severely wounded.
The ice beast barely misses you.
You barely miss the ice beast.
The ice beast is severely wounded.
The ice beast hits you. The ice beast freezes you. You resist.
* * * LOW HITPOINT WARNING * * *
The ice beast hits you.
* * * LOW HITPOINT WARNING * * *
The ice beast freezes you. You resist.
* * * LOW HITPOINT WARNING * * *
You are too injured to fight recklessly!
Cleave: a) +0 hand axe
Press: ? - help, Dir - move target, f - ice beast
Aim: an ice beast (severely wounded, haloed, about 20% to evade your +0 hand axe)
You barely miss the ice beast.
The ice beast is severely wounded.
The ice beast barely misses you.
Cleave: a) +0 hand axe
Press: ? - help, Dir - move target, f/p - ice beast
Aim: an ice beast (severely wounded, haloed, about 20% to evade your +0 hand axe)
You slash the ice beast!
You kill the ice beast!
Your Fighting skill increases to level 5!
You have reached level 7!
You open the door.
A jelly comes into view.
The jelly quivers.
A jelly is nearby!
You hit the jelly.
Your hands burn!
The jelly is lightly wounded.
The jelly misses you.
You hit the jelly.
Your hands burn!
The jelly is moderately wounded.
The jelly hits you but does no damage.
You hit the jelly. The acid corrodes you!
Your hands burn!
* * * LOW HITPOINT WARNING * * *
The jelly is heavily wounded.
The jelly hits you but does no damage.
You hit the jelly.
Your hands burn!
* * * LOW HITPOINT WARNING * * *
The jelly is almost dead.
The jelly hits you.
* * * LOW HITPOINT WARNING * * *
The acid corrodes you!
You are splashed with acid!
* * * LOW HITPOINT WARNING * * *
You aren't carrying any items that you can evoke.
You are illuminated by a small divine halo.
You are corroded.
You are glowing.
Your movement speed is average.
Your attack delay is about 1.0.
Your damage rating with your +0 hand axe is about 9 (Base 7 x 117% (Str) x 119% (Skill)).
Unknown command.
Okay, then.
You aren't carrying any items that you can evoke.
Throw: 28 stones
Press: ? - help, Shift-Dir - straight line, f - jelly
Aim: a jelly (almost dead, haloed, 97% to hit)
Okay, then.
Cleave: a) +0 hand axe
Press: ? - help, Dir - move target, f - jelly
Aim: a jelly (almost dead, haloed, about 3% to evade your +0 hand axe)
You hit the jelly but do no damage.
Your hands burn!
* * * LOW HITPOINT WARNING * * *
The jelly is almost dead.
The jelly barely misses you.
Cleave: a) +0 hand axe
Press: ? - help, Dir - move target, f/p - jelly
Aim: a jelly (almost dead, haloed, about 3% to evade your +0 hand axe)
You hit the jelly but do no damage.
Your hands burn!
* * * LOW HITPOINT WARNING * * *
The jelly is almost dead.
The jelly hits you but does no damage.
Cleave: a) +0 hand axe
Press: ? - help, Dir - move target, f/p - jelly
Aim: a jelly (almost dead, haloed, about 3% to evade your +0 hand axe)
You hit the jelly but do no damage.
Your hands burn!
* * * LOW HITPOINT WARNING * * *
The jelly is almost dead.
The jelly hits you but does no damage.
Cleave: a) +0 hand axe
Press: ? - help, Dir - move target, f/p - jelly
Aim: a jelly (almost dead, haloed, about 3% to evade your +0 hand axe)
You hit the jelly.
You kill the jelly!
There is an open door here.
A hound comes into view.
The hound barks!
Cleave: a) +0 hand axe
Press: ? - help, Dir - move target, f - hound
Aim: a hound (haloed, about 30% to evade your +0 hand axe)
You hit the hound but do no damage. The hound bites you.
* * * LOW HITPOINT WARNING * * *
Cleave: a) +0 hand axe
Press: ? - help, Dir - move target, f/p - hound
Aim: a hound (haloed, about 30% to evade your +0 hand axe)
You completely miss the hound. The hound misses you.
The hound bites you but does no damage.
Cleave: a) +0 hand axe
Press: ? - help, Dir - move target, f/p - hound
Aim: a hound (haloed, about 30% to evade your +0 hand axe)
You hit the hound but do no damage.
You are no longer corroded.
The hound bites you but does no damage. The hound closely misses you.
Cleave: a) +0 hand axe
Press: ? - help, Dir - move target, f/p - hound
Aim: a hound (haloed, about 30% to evade your +0 hand axe)
You hit the hound but do no damage. The hound closely misses you.
Cleave: a) +0 hand axe
Press: ? - help, Dir - move target, f/p - hound
Aim: a hound (haloed, about 30% to evade your +0 hand axe)
You hit the hound.
The hound is moderately wounded.
The hound bites you.
* * * LOW HITPOINT WARNING * * *
The hound barely misses you.
Cleave: a) +0 hand axe
Press: ? - help, Dir - move target, f/p - hound
Aim: a hound (moderately wounded, haloed, about 30% to evade your +0 hand axe)
You barely miss the hound.
The hound is moderately wounded.
The hound bites you but does no damage.
Cleave: a) +0 hand axe
Press: ? - help, Dir - move target, f/p - hound
Aim: a hound (moderately wounded, haloed, about 30% to evade your +0 hand axe)
You hit the hound.
The hound is moderately wounded.
The hound barely misses you. The hound bites you but does no damage.
Cleave: a) +0 hand axe
Press: ? - help, Dir - move target, f/p - hound
Aim: a hound (moderately wounded, haloed, about 30% to evade your +0 hand axe)
You slash the hound!
The hound is severely wounded.
The hound bites you but does no damage.
Cleave: a) +0 hand axe
Press: ? - help, Dir - move target, f/p - hound
Aim: a hound (severely wounded, haloed, about 30% to evade your +0 hand axe)
You slash the hound!
You kill the hound!
A hound comes into view.
The hound barks!
A hound is nearby!
Throw: 13 darts (poison)
Press: ? - help, Shift-Dir - straight line, f - hound
Aim: a hound (43% to hit)
You throw a poisoned dart. The poisoned dart hits the hound.
The hound is poisoned.
Throw: 12 darts (poison)
Press: ? - help, Shift-Dir - straight line, f/p - hound
Aim: a hound (lightly wounded, poisoned, 43% to hit)
You throw a poisoned dart. The poisoned dart hits the hound.
The hound looks even sicker.
The hound is lightly wounded.
Throw: 11 darts (poison)
Press: ? - help, Shift-Dir - straight line, f/p - hound
Aim: a hound (moderately wounded, very poisoned, haloed, 64% to hit)
You throw a poisoned dart. The poisoned dart hits the hound.
The hound looks even sicker.
The hound is moderately wounded.
Cleave: a) +0 hand axe
Press: ? - help, Dir - move target, f/p - hound
Aim: a hound (moderately wounded, very poisoned, haloed, about 30% to evade your +0 hand axe)
You barely miss the hound.
The hound is moderately wounded.
The hound bites you.
* * * LOW HITPOINT WARNING * * *
Cleave: a) +0 hand axe
Press: ? - help, Dir - move target, f/p - hound
Aim: a hound (moderately wounded, very poisoned, haloed, about 30% to evade your +0 hand axe)
You hit the hound.
The hound is moderately wounded.
The hound bites you but does no damage. x2
Cleave: a) +0 hand axe
Press: ? - help, Dir - move target, f/p - hound
Aim: a hound (heavily wounded, very poisoned, haloed, about 30% to evade your +0 hand axe)
You slash the hound!
You kill the hound!
Found an escape hatch in the floor.
o - 11 poisoned darts (gained 1)
o - 12 poisoned darts (gained 1)
o - 13 poisoned darts (gained 1)
Found a mace.
You see here a +0 mace.
You see here a +0 mace.
Found a scroll labelled ACHUAM GOR.
t - a scroll labelled ACHUAM GOR An orc comes into view.
It is wielding a +0 war axe.
Found a hazy altar of Hepliaklqana.
The orc shouts!
You hit the orc.
The orc is lightly wounded.
The orc hits you with a +0 war axe.
You barely miss the orc.
The orc is lightly wounded.
The orc hits you but does no damage.
You hit the orc but do no damage.
The orc is lightly wounded.
The orc closely misses you.
You hit the orc.
The orc is almost dead.
The orc closely misses you.
You hit the orc.
You kill the orc!
A hound comes into view.
The hound barks!
The hound bites you but does no damage. The hound closely misses you.
Things that are here:
a +0 war axe; a +0 ring mail You hit the hound.
The hound is lightly wounded.
The hound bites you but does no damage.
You hit the hound.
The hound is moderately wounded.
The hound barely misses you. x2
You hit the hound.
The hound is heavily wounded.
The hound completely misses you. The hound barely misses you.
You hit the hound.
The hound is severely wounded.
The hound closely misses you.
You closely miss the hound.
The hound is severely wounded.
The hound bites you but does no damage. The hound barely misses you.
You hit the hound.
The hound is almost dead.
The hound bites you but does no damage.
You hit the hound.
You kill the hound!
u - a +0 war axe You open the door.
There is an open door here.
Found 3 stones.
Found 8 stones.
g - 31 stones (gained 3)
g - 39 stones (gained 8)
A gnoll comes into view. It is wielding a +0 whip.
The gnoll shouts!
You hear a shout!
A gnoll comes into view. It is wielding a +0 halberd.
Throw: 13 darts (poison)
Press: ? - help, Shift-Dir - straight line, f - gnoll
Aim: a gnoll, wielding a +0 whip (60% to hit)
You throw a poisoned dart. The poisoned dart hits the gnoll.
The gnoll is poisoned.
Throw: 12 darts (poison)
Press: ? - help, Shift-Dir - straight line, f/p - gnoll
Aim: a gnoll, wielding a +0 whip (lightly wounded, poisoned, haloed, 80% to hit)
You throw a poisoned dart.
The poisoned dart barely misses the gnoll.
The poisoned dart hits the gnoll.
Throw: 11 darts (poison)
Press: ? - help, Shift-Dir - straight line, f/p - gnoll
Aim: a gnoll, wielding a +0 whip (moderately wounded, poisoned, haloed, 80% to hit)
You throw a poisoned dart. The poisoned dart hits the gnoll.
The gnoll looks even sicker.
The gnoll is moderately wounded.
A gnoll comes into view. It is wielding a +0 club.
The gnoll shouts!
You hit the gnoll.
The gnoll is heavily wounded.
The gnoll hits you but does no damage. The gnoll barely misses you.
You hit the gnoll.
You kill the gnoll!
The gnoll hits you but does no damage. The gnoll closely misses you.
You see here a +0 whip.
You hit the gnoll.
The gnoll is moderately wounded.
An orc comes into view. It is wielding a +0 flail.
The gnoll hits you but does no damage.
The orc shouts!
You hit the gnoll.
The gnoll is severely wounded.
The gnoll barely misses you.
You hit the gnoll.
The gnoll is almost dead.
An adder comes into view.
The gnoll hits you with a +0 halberd.
The adder moves out of view.
You hit the gnoll.
You kill the gnoll!
You hit the gnoll.
The gnoll is moderately wounded.
The gnoll hits you but does no damage.
You barely miss the gnoll.
The gnoll is moderately wounded.
The gnoll hits you but does no damage.
You hit the gnoll but do no damage.
The gnoll is moderately wounded.
The gnoll hits you but does no damage.
You slash the gnoll!
You kill the gnoll!
You hit the orc but do no damage. The orc hits you but does no damage.
You barely miss the orc.
The orc jeers loudly.
The orc barely misses you.
You hit the orc.
The orc is moderately wounded.
The orc misses you.
You hit the orc but do no damage.
The orc is moderately wounded.
The orc hits you with a +0 flail. The orc barely misses you.
You hit the orc.
The orc is almost dead.
The orc hits you but does no damage.
You hit the orc.
You kill the orc!
No target in view!
Press: ? - help, v - describe, . - travel, g - get item
Items here: ( ))) ††.
The floor, spattered with blood.
This square is lit by a halo.
Press: ? - help, v - describe, . - travel, g - get item Item here: a +0 whip.
The floor.
This square is lit by a halo.
o - 11 poisoned darts (gained 1)
Items here: ))) ††.
Okay, then.
o - 13 poisoned darts (gained 2)
Found a hide-covered altar of Uskayaw.
The adder hisses angrily.
The adder bites you but does no damage. The adder bites you but does no damage.
You barely miss the adder. The adder barely misses you.
The adder bites you but does no damage.
You hit the adder.
The adder is heavily wounded.
The adder bites you but does no damage.
You barely miss the adder.
The adder is heavily wounded.
The adder closely misses you.
You hit the adder.
The adder is severely wounded.
The adder bites you but does no damage. The adder barely misses you.
The adder attacks as it pursues you! The adder closely misses you.
You hit the adder.
The adder is almost dead.
The adder bites you but does no damage.
You hit the adder but do no damage.
The adder is almost dead.
The adder bites you. The adder closely misses you.
You hit the adder.
You kill the adder!
Found 3 stones.
g - 42 stones (gained 3)
An orc comes into view. It is wielding a +0 club.
An orc is nearby!
An orc is nearby!
The orc hits you but does no damage.
You hit the orc but do no damage. The orc hits you but does no damage.
You hit the orc but do no damage. The orc barely misses you.
You hit the orc.
The orc is severely wounded.
The orc barely misses you.
You hit the orc.
The orc is almost dead.
The orc hits you but does no damage.
You slash the orc!
You kill the orc!
No target in view!
Things that are here:
a +0 club; a +0 leather armour 3 orcs come into view.
An orc is wielding a +2 dagger of venom.
Found 2 emerald potions.
The orc shouts! x2
There are monsters nearby!
The orc hits you but does no damage.
You hit the orc.
The orc is heavily wounded.
The orc completely misses you.
You hit the orc.
You kill the orc!
You hit the orc but do no damage. The orc hits you with a +0 dagger.
You hit the orc.
The orc is heavily wounded.
The orc closely misses you.
You hit the orc.
You kill the orc!
You slash the orc!
You kill the orc!
Items here: ))) [ ††.
Okay, then.
HP restored.
v - 2 emerald potions Adjust (i)tems, (s)pells, or (a)bilities?
u - a +0 war axe Adjust to which letter? (? for menu, Esc to quit)
a - a +0 war axe;
u - a +0 hand axe (weapon)
You are now empty-handed.
You drop a +0 hand axe.
a - a +0 war axe (weapon)
You see here a +0 hand axe.
Items here: ))) [ ††.
Things that are here:
a +0 club; a +0 leather armour
Found a stone staircase leading up.
There is a stone staircase leading up here.
You climb upwards.
There is a stone staircase leading down here.
There is a stone staircase leading up here.
The ball python hisses angrily.
Found a book of Spatial Translocations.
The ball python misses you. The ball python grabs you.
The ball python constricts you.
You slash the ball python!
You kill the ball python!
No target in view!
Found a ring mail.
You pick up a book of Spatial Translocations and begin reading...
You add the spells Blink, Momentum Strike and Lesser Beckoning to your library.
There is a stone staircase leading down here.
You climb downwards.
There is a stone staircase leading up here.
You barely miss the iguana.
The iguana bites you but does no damage.
You barely miss the iguana. The iguana closely misses you.
The iguana bites you!
You slash the iguana!
The iguana is almost dead.
The iguana bites you but does no damage.
You hit the iguana.
You kill the iguana!
Your Armour skill increases to level 4!
No target in view!
You open the door.
An adder comes into view.
Found a stone staircase leading down.
The adder hisses angrily.
There is an open door here.
You slash the adder!
The adder is almost dead.
The adder bites you. The adder bites you but does no damage.
You barely miss the adder.
The adder is almost dead.
The adder bites you but does no damage.
You barely miss the adder.
The adder is almost dead.
The adder bites you but does no damage. The adder closely misses you.
You closely miss the adder.
The adder is almost dead.
The adder bites you but does no damage. The adder bites you.
You barely miss the adder.
The adder is almost dead.
The adder closely misses you.
You slash the adder!
You kill the adder!
You see here an adder corpse.
There is a stone staircase leading down here.
You open the door.
You climb downwards.
You hear the hiss of flowing sand.
There is an entrance to an ossuary on this level.
Hurry and find it before the portal is buried!
Found a stone staircase leading down.
There is a stone staircase leading up here.
You open the door.
Found Damick's Antique Weapon Boutique.
There is an open door here.
There is an entrance to Damick's Antique Weapon Boutique here.
Unknown command.
An ogre comes into view. It is wielding a +0 giant club.
Found 10 gold pieces.
The ogre shouts!
An ogre is nearby!
You slash the ogre!
The ogre is moderately wounded.
The ogre barely misses you.
You slash the ogre!
The ogre is heavily wounded.
You hit the ogre.
The ogre is severely wounded.
The ogre hits you with a +0 giant club!
You hit the ogre but do no damage.
The ogre is severely wounded.
The ogre hits you with a +0 giant club!!
Ouch! That really hurt!
You die...

# $## .... ####.....
#.O....# #@# ##+# #.#
##...## #.# ##.....##
#.# # ##.......##
#.#.##
#......>..###....###
+.........'∩.........
#.........####...####
#.......## #..#


You could see an ogre.

Vanquished Creatures
  An ice beast (D:5)
  A black bear (D:4)
  A phantom (D:5)
  A scorpion (D:5)
  2 bombardier beetles
  4 hounds
  A jelly (D:5)
  An iguana (D:5)
  4 gnolls
  7 adders
  A ribbon worm (D:4)
  2 dart slugs
  8 orcs
  2 endoplasms
  2 giant cockroaches (D:3)
  5 goblins
  6 hobgoblins
  2 quokkas
  8 ball pythons
  A bat (D:3)
  5 kobolds
  2 rats
67 creatures vanquished.

Notes
Turn   | Place    | Note
-------+----------+-------------------------------------------
     0 | D:1      | jagoly the Gargoyle Monk began the quest for the Orb.
     0 | D:1      | Reached XP level 1. HP: 14/14 MP: 1/1
   183 | D:1      | Reached XP level 2. HP: 13/19 MP: 2/2
   404 | D:4      | Found a basalt altar of Yredelemnul.
   419 | D:3      | Reached skill level 1 in Armour
   419 | D:3      | Reached XP level 3. HP: 5/24 MP: 3/3
   503 | D:3      | Found a glowing golden altar of the Shining One.
   509 | D:3      | Became a worshipper of the Shining One
   509 | D:3      | Reached * piety under the Shining One
   509 | D:3      | Reached ** piety under the Shining One
   676 | D:3      | Reached XP level 4. HP: 29/29 MP: 4/4
   771 | D:3      | Reached XP level 5. HP: 21/33 MP: 5/5
   889 | D:4      | Found Pohadew's Self-Published Books.
   967 | D:4      | Found a snail-covered altar of Cheibriados.
  1002 | D:5      | Entered Level 5 of the Dungeon
  1003 | D:5      | Noticed a phantom
  1003 | D:5      | Noticed a black bear
  1011 | D:4      | Killed a black bear
  1012 | D:4      | Reached XP level 6. HP: 35/39 MP: 6/6
  1057 | D:5      | Noticed an ice beast
  1081 | D:5      | Reached skill level 5 in Axes
  1094 | D:5      | Killed an ice beast
  1095 | D:5      | Reached skill level 5 in Fighting
  1095 | D:5      | Reached XP level 7. HP: 14/44 MP: 7/7
  1170 | D:5      | HP: 2/44 [acid (2)]
  1285 | D:5      | Found a hazy altar of Hepliaklqana.
  1384 | D:5      | Found a hide-covered altar of Uskayaw.
  1603 | D:6      | Found Damick's Antique Weapon Boutique.
  1616 | D:6      | Slain by an ogre

Illustrated notes

Levels and vault maps discovered:
D:1:      dpeg_arrival_oval, layout_basic, minmay_vboxes
D:2:      minmay_door_path, layout_loops_ring, serial_shops, shop
D:3:      minmay_spotlight, layout_basic, nicolae_tso_swordbearing_angel,
          elyvilon_altar_3
D:4:      wander_river, layout_rooms, slow_altar_2,
          mainiacjoe_overflow_alcove_1, temple_green, st_stairs_4,
          nicolae_custom_books, chequers_serial_rivers_micro_b
D:5:      layout_basic, mainiacjoe_overflow_brackets,
          nicolae_overflow_crystal_walls, reono_crystal_passage,
          minmay_misc_feat_chi, uniq_crazy_yiuf_cottage
D:6:      layout_loops_corners, enter_ossuary_4, serial_shops, shop,
          uniq_grinder

Skill      XL: |  1  2  3  4  5  6  7 |
---------------+----------------------+-----
Axes           | 3 4 5 |  5.7
Armour         | 1 2 3 4 |  4.0
Fighting       | 4 5 |  5.4
Dodging        | 3 |  3.0

Action                     |  1- 3 |  4- 6 |  7- 9 || total
---------------------------+-------+-------+-------++-------
  Melee: Hand axe          |    51 |   132 |    66 ||   249
         War axe           |       |       |    15 ||    15
  Throw: Stone             |       |     1 |       ||     1
         Dart              |       |       |     6 ||     6
 Armour: Ring mail         |     8 |       |       ||     8
         Scale mail        |    32 |    82 |    54 ||   168
  Dodge: Dodged            |    24 |    74 |    36 ||   134
